 Dungeon Crawl Stone Soup version 0.21.0-3-g78d12a8 (webtiles) character file.

820874 letownia2 the Middleweight Champion (level 27, 190/190 HPs)
             Began as a Gargoyle Fighter on Jan 11, 2018.
             Was an Initiate of Gozag.
             Quit the game in the Vestibule of Hell.
             The game lasted 04:04:20 (78971 turns).

letownia2 the Middleweight Champion (GrFi)         Turns: 78971, Time: 04:04:21

Health: 190/190    AC: 61    Str: 27    XL:     27
Magic:  41/41      EV: 16    Int: 23    God:    Gozag
Gold:   2638       SH: 12    Dex: 21    Spells: 15/63 levels left

rFire    + + .     SeeInvis +     - Unarmed
rCold    + . .     Gourm    .   R - +1 buckler {AC+3}
rNeg     + + +     Faith    .   r - +2 crystal plate armour of the Swamp {+Inv Str+4 Dex+5}
rPois    ∞         Spirit   .   y - -2 hat of the Alchemist {rElec rPois rF+ rC+ rN+ MR+ rMut rCorr}
rElec    +         Reflect  +   V - +2 cloak {+Inv}
rCorr    +         Harm     .   (no gloves)
rMut     +                      I - +1 pair of boots of Ashenzari's Favour {MR+ Slay+2}
MR       ++++.                  c - +5 amulet of reflection
Stlth    ..........             K - ring "Kesuma" {rN+ Int+4}
HPRegen  0.41/turn              C - ring "Jenofrup" {rF+ AC+3 Dex+5 SInv}
MPRegen  0.27/turn

@: flying
A: big wings, agile 1, low mp 1, negative energy resistance 1, electricity
resistance, unbreathing, petrification resistance, rot immunity, AC +20
}: 6/15 runes: decaying, serpentine, slimy, silver, golden, obsidian
a: Stop Flying, Potion Petition, Call Merchant, Bribe Branch, Renounce Religion,
Evoke Invisibility


You were in the Vestibule of Hell.
You worshipped Gozag.
Gozag was most pleased with you.
You were full.

You visited 15 branches of the dungeon, and saw 66 of its levels.
You visited 3 bazaars.
You also visited: Desolation.

You collected 41230 gold pieces.
You spent 8300 gold pieces at shops.
You paid 30292 gold pieces to Gozag.

Inventory:

Hand Weapons
 J - the +7 sceptre of Asmodeus
   (You took it off Asmodeus on level 7 of Gehenna)
Missiles
 m - 9 throwing nets (quivered)
Armour
 r - the +2 crystal plate armour of the Swamp (worn) {+Inv Str+4 Dex+5}
   (You bought it in a shop in the Vestibule of Hell)

   It affects your strength (+4).
   It affects your dexterity (+5).
   It lets you turn invisible.
 y - the -2 hat of the Alchemist (worn) {rElec rPois rF+ rC+ rN+ MR+ rMut rCorr}
   (You bought it in a shop on level 2 of the Lair of Beasts)

   It protects you from fire.
   It protects you from cold.
   It insulates you from electricity.
   It protects you from poison.
   It protects you from negative energy.
   It affects your resistance to hostile enchantments.
   It protects you from acid and corrosion.
   It protects you from mutation.
 I - the +1 pair of boots of Ashenzari's Favour (worn) {MR+ Slay+2}
   (You bought it in a shop on level 7 of the Dungeon)

   It affects your accuracy and damage with ranged weapons and melee attacks
   (+2).
   It affects your resistance to hostile enchantments.
 R - a +1 buckler of protection (worn)
 V - a +2 cloak of invisibility (worn)
Jewellery
 c - a +5 amulet of reflection (around neck)
 C - the ring "Jenofrup" (right hand) {rF+ AC+3 Dex+5 SInv}
   (You took it off a deep elf death mage on level 3 of the Elven Halls)

   [ring of protection]

   It affects your AC (+3).
   It affects your dexterity (+5).
   It protects you from fire.
   It lets you see invisible.
 K - the ring "Kesuma" (left hand) {rN+ Int+4}
   (You found it in the Desolation of Salt)

   [ring of positive energy]

   It affects your intelligence (+4).
   It protects you from negative energy.
 L - a +5 ring of evasion
Wands
 z - a wand of clouds (5)
 N - a wand of acid (10)
 O - a wand of scattershot (4)
 S - a wand of digging (26)
Scrolls
 f - 3 scrolls of magic mapping
 h - 2 scrolls of holy word
 i - 47 scrolls of identify
 j - 5 scrolls of immolation
 k - 5 scrolls of summoning
 l - 22 scrolls of remove curse
 A - 9 scrolls of teleportation
 B - 6 scrolls of fog
 D - 7 scrolls of fear
 M - 4 scrolls of silence
 U - 7 scrolls of blinking
Potions
 a - 6 potions of ambrosia
 e - 10 potions of agility
 g - 10 potions of lignification
 n - 8 potions of brilliance
 o - 20 potions of curing
 q - 19 potions of heal wounds
 s - 11 potions of haste
 t - 5 potions of invisibility
 u - 7 potions of mutation
 w - 2 potions of cancellation
 x - 9 potions of resistance
 F - 3 potions of magic
 G - 3 potions of berserk rage
 P - 4 potions of might
Books
 p - the Collected Works on Floating Orientation
   (You found it on level 7 of Gehenna)

   Spells                             Type                      Level
   a - Shock                          Conjuration/Air              1
   b - Recall                         Summoning/Translocation      3
   c - Conjure Ball Lightning         Conjuration/Air              6
   d - Dispersal                      Translocation                6
 E - Secret Knowledge for Beginners
   (You found it on level 7 of Gehenna)

   Spells                             Type                      Level
   a - Infusion                       Charms                       1
   b - Flame Tongue                   Conjuration/Fire             1
   c - Freeze                         Ice                          1
   d - Apportation                    Translocation                1
   e - Beastly Appendage              Transmutation                1
Miscellaneous
 v - 2 boxes of beasts
 Z - a phial of floods
Comestibles
 d - 29 rations


   Skills:
 - Level 24.0 Fighting
 + Level 22.0 Armour
 - Level 14.3 Dodging
 - Level 5.2 Shields
 O Level 27 Unarmed Combat
 + Level 18.7 Spellcasting
 - Level 4.3 Conjurations
 - Level 5.6 Hexes
 - Level 15.3 Charms
 - Level 7.8 Necromancy
 - Level 2.5 Translocations
 - Level 12.7 Transmutations
 - Level 3.9 Fire Magic
 - Level 9.2 Air Magic
 - Level 3.9 Poison Magic
 - Level 2.6 Evocations


You had 15 spell levels left.
You knew the following spells:

 Your Spells              Type           Power        Failure   Level  Hunger
a - Spectral Weapon       Hex/Chrm       ######..     1%          3    None
b - Blink                 Tloc           N/A          12%         2    None
c - Conjure Flame         Conj/Fire      #####...     13%         3    None
d - Confusing Touch       Hex            #####.       2%          1    None
e - Mephitic Cloud        Conj/Pois/Air  #####...     6%          3    None
g - Regeneration          Chrm/Necr      ######....   1%          3    None
i - Silence               Hex/Air        ######....   30%         5    None
j - Portal Projectile     Hex/Tloc       #####.       13%         3    None
k - Blade Hands           Tmut           ######....   3%          5    None
l - Song of Slaying       Chrm           #######.     1%          2    None
n - Ignite Poison         Fire/Tmut/Pois ######..     4%          3    None
p - Poisonous Vapours     Pois/Air       ######       2%          2    None
r - Deflect Missiles      Chrm/Air       ######....   22%         6    ###....
s - Swiftness             Chrm/Air       ######..     1%          2    None
t - Shroud of Golubria    Chrm/Tloc      ######....   1%          2    None
x - Inner Flame           Hex/Fire       #####...     10%         3    None


Dungeon Overview and Level Annotations

Branches:
Dungeon (15/15)            Temple (1/1) D:7            Lair (6/6) D:8
  Swamp (4/4) Lair:2        Snake (4/4) Lair:2        Slime (5/5) Lair:5
    Orc (2/2) D:9             Elf (3/3) Orc:2        Vaults (5/5) D:14
  Crypt (3/3) Vaults:2       Tomb (3/3) Crypt:3      Depths (5/5) D:15
   Hell (1/1)                 Dis (0/7) Hell            Geh (7/7) Hell
    Coc (0/7) Hell            Tar (0/7) Hell            Zot (2/5) Depths:5

Altars:
Ashenzari
Cheibriados
Dithmenos
Elyvilon
Gozag
Hepliaklqana
Kikubaaqudgha
Nemelex Xobeh
Okawaru
Sif Muna
Uskayaw
Vehumet
Wu Jian
Yredelemnul
Zin
The Shining One
Beogh
Jiyva
Lugonu

Shops:
D:7 ?*:[   D:10 }   Orc:1 :   Orc:2 :*[(   Lair:2 }[[[[[[[[[   Snake:3 =
Snake:4 (   Vaults:4 !=[[   Hell [[*[?*[[

Portals:
Hell: Depths:1 Depths:2 Depths:3 Depths:4 Depths:5
Abyss: Depths:1 Depths:4
Pandemonium: Depths:2 Depths:3 Depths:4
Ziggurat: Depths:5
Trove: Depths:3 (give +3 shadow dragon scales)

Annotations:
D:4 othur's ghost, amateur GrFi
Elf:2 3 runed doors


Innate Abilities, Weirdness & Mutations

You are resistant to torment.
Your stone body is resilient. (AC +20)
You are immune to poison.
Your large and strong wings let you fly indefinitely.
You resist negative energy. (rN+)
You are resistant to electric shocks. (rElec)
You can survive without breathing.
You are immune to petrification.
You are immune to rotting.
You are agile. (Dex +2)
Your magical capacity is low. (-10% MP)


Message History

[d] 3564 gold - Samahuoha's Magic Scroll Shoppe Fund which merchant?
You no longer have enough gold to fund merchants seeking to open stores in the dungeon.
Fiffejo invites you to visit its Assorted Antiques.
You no longer have enough gold to bribe branches to halt enemies' attacks and recruit allies.
b - a transparent executioner's axe Thank you for shopping at Fiffejo's Assorted Antiques!
As you read the scroll of identify, it crumbles to dust.
b - the +9 executioner's axe of Zuogra {vamp, *Noise *Corrode rPois rN+++}
Items here: """ (( :: ========== ???? [[[[[[[ | }} Drop what? 46/52 slots (_ for help) (? for menu, Esc to quit)
You drop the +9 executioner's axe of Zuogra {vamp, *Noise *Corrode rPois rN+++}.
Unknown command.
Put on which piece of jewellery? (? for menu, Esc to quit)
Okay, then.
Wear which item? (? for menu, Esc to quit)
Okay, then.
Put on which piece of jewellery? (? for menu, Esc to quit)
Okay, then.
Are you sure you want to abandon this character and quit the game? (Confirm with "yes".)

...............###...........§§§≈
.≈..≈...)...#.## ##.#.......§≈§≈?
...............###..........§.≈.≈
≈≈≈..≈.##.....#.#.#.....##...§§≈.
≈≈≈≈≈≈####...#)....#...####.§.≈.≈
≈.≈≈≈## ##....}#.....## ##.§.≈.
.≈≈≈## ##....∩)...## ##...≈ ≈≈≈##
##.∩∩....## ##... ≈≈## ##∩∩@∩.##
##.. ≈## ##∩.∩## ##. ## ##.∩.##
## # ##.....## # ##.#...#.##
##.........## ##...#...#...##
##.............##
##..##.#...#.##..##


There were no monsters in sight!

Vanquished Creatures
  Asmodeus (Geh:7)
  the Royal Jelly (Slime:5)
  3 ancient liches
  25 greater mummies
  Boris (Depths:4)
  Sojobo (Vaults:2)
  Margery (Vaults:2)
  the Lernaean hydra (Swamp:4)
  Frederick (Vaults:2)
  Vashnia (Snake:3)
  Xtahua (Vaults:3)
  Saint Roka (Elf:3)
  A curse toe (Zot:2)
  Geryon (Hell)
  3 golden dragons
  3 caustic shrikes (Depths:5)
  Nikola (Swamp:4)
  Jory (Tomb:2)
  the Enchantress (Depths:2)
  A Tzitzimitl (Depths:3)
  10 Brimstone Fiends
  4 bone dragons
  Jorgrun (Crypt:1)
  9 tentacled monstrosities
  12 liches
  Rupert (D:15)
  3 deep elf blademasters
  2 titans (Vaults:5)
  Asterion (Depths:1)
  7 sphinxes
  7 quicksilver dragons
  2 death cobs
  11 ancient champions
  15 acid blobs
  4 revenants
  8 shadow dragons
  3 thorn hunters
  7 tengu reavers
  11 storm dragons
  10 draconian monks
  16 fire giants
  2 azure jellies (Slime:5)
  6 nagarajas
  Donald (Snake:2)
  9 frost giants
  A ghost moth (Zot:1)
  5 deep elf sorcerers
  16 vault wardens
  5 draconian knights
  6 draconian scorchers
  A cacodemon (Depths:3)
  Aizul (Snake:2)
  The ghost of nuthulu the Bludgeoner, an adept GrFi of Okawaru (Snake:3)
  2 imperial myrmidons (Desolation)
  An iron dragon (Vaults:5)
  2 angels (Elf:1)
  5 deep elf elementalists (Elf:3)
  An orc warlord (Orc:2)
  14 balrugs
  6 draconian stormcallers (Zot:1)
  5 draconian shifters
  7 ghouls
  17 ironheart preservers
  10 reapers
  4 draconian annihilators
  3 spriggan defenders (Depths:2)
  A juggernaut zombie (Depths:3)
  12 war gargoyles
  33 very ugly things
  21 stone giants
  13 green draconians
  18 bennus
  10 vampire knights
  6 deep elf annihilators
  Azrael (D:15)
  A lorocyproca (Hell)
  A juggernaut skeleton (Depths:3)
  6 deep elf demonologists
  6 yellow draconians
  6 red draconians
  2 halazid warlocks (Desolation)
  4 black draconians
  3 spark wasps
  7 white draconians
  11 ettins
  13 purple draconians
  An ettin (shapeshifter) (Vaults:5)
  7 statues (Depths:4)
  3 quicksilver dragon zombies
  10 death oozes (Slime:5)
  3 eidola
  A green death (Hell)
  21 mummy priests
  12 deep elf death magi
  5 crystal guardians
  3 blizzard demons (Hell)
  Snorg (D:10)
  6 ragged hierophants (Desolation)
  A jiangshi (Crypt:1)
  A merfolk impaler (Depths:4)
  8 fire dragons
  19 ogre magi
  12 great orbs of eyes
  23 yaktaur captains
  10 deep elf high priests
  A hell beast (Depths:2)
  16 hydras
  8 ice dragons
  A kraken zombie (Hell)
  44 vault guards
  6 rakshasas
  Erolcha (D:11)
  12 naga warriors
  A monstrous demonspawn (Depths:2)
  2 quicksilver dragon skeletons
  7 anacondas
  6 spriggan air magi
  3 servants of whispers (Desolation)
  2 ghost crabs
  4 peacekeepers (Desolation)
  13 centaur warriors
  A juggernaut simulacrum (Depths:3)
  4 death knights
  52 two-headed ogres
  7 alligators
  6 deep troll shamans
  4 hell hogs (Geh:7)
  36 death scarabs
  2 deep troll earth magi (Depths:2)
  2 spriggan berserkers (Depths:5)
  7 vampire magi
  5 orc high priests
  10 tengu warriors
  23 naga sharpshooters
  A titan zombie (Geh:4)
  3 iron golems
  2 storm dragon zombies
  2 shock serpents
  7 soul eaters
  20 sun demons
  7 deep elf knights
  3 iron trolls
  3 titan skeletons
  40 hell knights
  3 salamander mystics
  2 storm dragon skeletons
  2 golden dragon zombies
  2 shadow wraiths
  A spriggan druid (Swamp:2)
  24 deep trolls
  A quicksilver dragon simulacrum (Depths:3)
  A torturous demonspawn (Depths:2)
  2 ghost moth zombies
  8 unseen horrors
  2 gelid demonspawn
  3 spark wasp zombies (Depths:3)
  7 flayed ghosts
  An infernal demonspawn (Depths:4)
  A shadow demon (Depths:4)
  2 anaconda zombies
  17 deep elf archers
  55 skeletal warriors
  6 wizards
  A glowing orange brain (Vaults:4)
  An obsidian statue (Vaults:3)
  16 swamp dragons
  A deep troll (shapeshifter) (Vaults:4)
  6 naga ritualists (Snake:4)
  7 anaconda skeletons
  4 shadow dragon zombies
  22 ironbrand convokers
  A harpy (shapeshifter) (Depths:5)
  6 golden dragon skeletons
  2 orb spiders (shapeshifter)
  4 shambling mangroves
  5 harpies (Vaults:3)
  20 necromancers
  6 wolf spiders
  7 phantasmal warriors
  10 mana vipers
  5 orc sorcerers
  2 tengu zombies
  3 frost giant zombies
  3 shadow dragon skeletons
  2 sphinx zombies
  7 fire giant zombies
  21 orc knights
  A tengu skeleton (Depths:3)
  3 stone giant zombies
  7 cyclopes
  3 iron dragon zombies
  49 deep elf magi
  2 shining eyes
  17 salamanders
  A shock serpent zombie (Tomb:3)
  64 ugly things
  2 manticores
  12 elephants
  An ice statue (Hell)
  2 fire giant skeletons
  An iron dragon skeleton (Geh:7)
  10 rust devils
  4 centaur zombies
  4 moths of wrath
  17 vault sentinels
  30 black mambas
  A water nymph (Lair:3)
  6 guardian serpents
  4 stone giant skeletons
  An eye of devastation (shapeshifter) (Vaults:5)
  3 eyes of devastation
  19 naga magi
  2 smoke demons (Geh:7)
  A guardian serpent (shapeshifter) (Depths:2)
  11 molten gargoyles
  An orange demon (Depths:3)
  5 spectral swamp worms (Depths:1)
  A gargoyle (D:14)
  17 hellions
  A green draconian zombie (Geh:7)
  3 centaur skeletons
  28 spiny frogs
  2 kobold demonologists
  8 rime drakes (Lair:4)
  5 ice devils
  7 komodo dragons
  48 yaktaurs
  6 freezing wraiths
  A dire elephant skeleton (Geh:4)
  5 tormentors
  A black draconian skeleton (Crypt:1)
  4 efreet
  A harpy zombie (Geh:7)
  5 hydra zombies
  A jumping spider (D:11)
  42 guardian mummies
  A queen bee (D:13)
  7 tengu conjurers
  2 sphinx simulacra (Depths:3)
  3 meliai (D:13)
  2 elf skeletons (Depths:3)
  A troll (shapeshifter) (Depths:5)
  7 tyrant leeches
  A meliai (shapeshifter) (Vaults:4)
  10 trolls
  2 hydra skeletons
  A queen ant zombie (Crypt:2)
  Prince Ribbit (D:5)
  15 red devils
  A snapping turtle (shapeshifter) (Depths:3)
  A wind drake (shapeshifter) (Vaults:1)
  9 bog bodies
  22 hornets
  19 blink frogs
  An iron dragon simulacrum (Depths:3)
  Grinder (D:5)
  A hippogriff (shapeshifter) (Depths:2)
  A polar bear (Lair:5)
  2 alligator zombies
  36 saltlings (Desolation)
  A fire dragon zombie (Geh:7)
  13 hippogriffs
  4 spriggan zombies
  4 ettin zombies
  2 frost giant simulacra
  90 slime creatures
  3 ice dragon zombies
  103 flying skulls
  A shapeshifter (D:14)
  An alligator skeleton (Crypt:2)
  11 shadows
  4 air elementals
  Sigmund (D:4)
  A spriggan (shapeshifter) (D:12)
  10 wraiths
  7 wyverns
  18 spriggans
  31 ushabtiu
  2 ettin skeletons
  3 fire dragon skeletons
  3 water elementals
  23 yaks
  A yak (shapeshifter) (Depths:3)
  A hog (shapeshifter) (Vaults:1)
  17 humans
  Eustachio (D:4)
  2 golden eyes (Slime:5)
  6 basilisks
  22 fire elementals
  6 hungry ghosts
  Grum (D:8)
  32 vampire mosquitoes
  A chaos spawn (Depths:4)
  Menkaure (D:4)
  28 swamp worms
  2 deep troll zombies
  30 nagas
  A merfolk zombie (Crypt:2)
  A soldier ant (D:14)
  5 wargs
  5 acid dragons
  2 hydra simulacra
  2 spiny frog zombies
  10 water moccasins
  34 hell hounds
  4 insubstantial wisps (Swamp:4)
  Edmund (D:6)
  A deep troll skeleton (Crypt:1)
  A floating eye (Depths:3)
  8 porcupines
  2 black bears
  2 floating eyes (shapeshifter)
  66 orc warriors
  A hornet zombie (D:14)
  A snapping turtle zombie (Crypt:1)
  8 swamp drakes
  A manticore zombie (Geh:7)
  2 phantoms
  4 sky beasts
  A spriggan simulacrum (Depths:3)
  4 ice beasts
  10 necrophages
  3 spiny frog skeletons
  6 eyes of draining
  23 centaurs
  49 ogres
  14 boggarts
  A snapping turtle skeleton (Geh:4)
  3 swamp dragon skeletons
  7 wolves
  A hog zombie (Crypt:1)
  3 yaktaur zombies
  5 big kobolds
  A big kobold (shapeshifter) (Depths:1)
  12 crocodiles
  23 bullfrogs
  2 wyvern zombies (D:13)
  A gnoll sergeant (D:11)
  3 elf zombies
  A yaktaur skeleton (Crypt:2)
  A wyvern skeleton (D:11)
  A water moccasin skeleton (D:11)
  9 scorpions
  17 wights
  25 killer bees
  A warg skeleton (Crypt:1)
  5 electric eels
  3 howler monkeys
  13 crimson imps
  7 hounds
  4 bullfrog zombies
  A quasit (D:9)
  A bullfrog skeleton (D:13)
  30 orc priests
  A black bear zombie (Crypt:2)
  12 human skeletons (Vaults:4)
  5 iguanas
  27 orc wizards
  8 worker ants
  51 mummies
  A howler monkey zombie (D:8)
  8 gnolls
  8 adders
  2 shadow imps
  2 oozes
  A worm (shapeshifter) (D:14)
  13 worms
  2 dart slugs
  3 leopard geckos
  133 orcs
  2 ball pythons (D:2)
  5 bats
  8 giant cockroaches
  5 goblins
  7 hobgoblins
  16 jackals
  13 kobolds
  5 quokkas
  A ball python zombie (Crypt:1)
  5 frilled lizards
  A gnoll skeleton (Crypt:1)
  2 orc zombies
  2 quokka zombies
  8 rats
  2 briar patches (Swamp:3)
  3 fire vortices (Depths:4)
  A plant (Lair:6)
  3 tentacles (Hell)
3246 creatures vanquished.

Vanquished Creatures (others)
  A frost giant (Vaults:3)
  A war gargoyle (Vaults:5)
  2 bennus (Tomb:2)
  An ettin (Depths:4)
  16 dancing weapons
  4 death scarabs (Tomb:1)
  A storm dragon zombie (Tomb:2)
  A hell knight (Depths:4)
  A deep elf archer (Elf:3)
  2 deep elf magi (Elf:1)
  An ugly thing (Depths:1)
  2 hellions (Geh:7)
  A spriggan (Swamp:4)
  An air elemental (Depths:4)
  7 flying skulls
  A wraith (Geh:7)
  A swamp drake (Swamp:4)
  A necrophage (Geh:4)
  2 ogres
  A killer bee (D:8)
  A wight (Geh:1)
  A felid skeleton (Crypt:1)
  2 mummies (Tomb:2)
  An orc (Elf:3)
  An orc simulacrum (Tomb:3)
  2 briar patches (Swamp:3)
  A bush (Lair:4)
  14 fungi
  37 plants
  6 tentacles (Hell)
  5 toadstools (D:1)
119 creatures vanquished.

Grand Total: 3365 creatures vanquished

Notes
Turn   | Place    | Note
-------+----------+-------------------------------------------
     0 | D:1      | letownia2 the Gargoyle Fighter began the quest for the Orb.
     0 | D:1      | Reached XP level 1. HP: 14/14 MP: 1/1
   185 | D:1      | Reached XP level 2. HP: 15/19 MP: 2/2
   253 | D:2      | Reached skill level 3 in Unarmed Combat
   265 | D:2      | Reached XP level 3. HP: 14/23 MP: 3/3
   401 | D:3      | Reached skill level 4 in Unarmed Combat
   401 | D:3      | Reached XP level 4. HP: 27/28 MP: 4/4
   486 | D:4      | Found an ornate altar of the Wu Jian Council.
   493 | D:4      | Learned a level 1 spell: Confusing Touch
   499 | D:4      | Noticed Sigmund
   514 | D:4      | Killed Sigmund
   514 | D:4      | Reached skill level 5 in Unarmed Combat
   514 | D:4      | Reached XP level 5. HP: 27/32 MP: 5/5
   514 | D:4      | Reached XP level 6. HP: 31/37 MP: 6/6
   951 | D:4      | Noticed Menkaure
   962 | D:4      | Killed Menkaure
  1001 | D:4      | Reached skill level 6 in Unarmed Combat
  1007 | D:4      | Reached XP level 7. HP: 17/44 MP: 7/7
  1363 | D:4      | Reached skill level 5 in Fighting
  1433 | D:4      | Found a deep blue altar of Sif Muna.
  1504 | D:4      | Noticed othur's ghost (amateur GrFi)
  1704 | D:4      | Noticed Eustachio
  1744 | D:4      | Killed Eustachio
  1813 | D:4      | Reached skill level 7 in Unarmed Combat
  1951 | D:5      | Entered Level 5 of the Dungeon
  1972 | D:5      | Reached XP level 8. HP: 42/51 MP: 8/8
  1976 | D:5      | Noticed Grinder
  2007 | D:4      | HP: 2/51 [othur's ghost (11)]
  2330 | D:5      | Paralysed by Grinder for 3 turns
  2388 | D:5      | Paralysed by Grinder for 4 turns
  2397 | D:5      | Killed Grinder
  2397 | D:5      | Reached skill level 8 in Unarmed Combat
  2616 | D:5      | Noticed Prince Ribbit
  2663 | D:5      | Found a snail-covered altar of Cheibriados.
  2771 | D:5      | Found a basalt altar of Yredelemnul.
  2812 | D:5      | Killed Prince Ribbit
  2812 | D:5      | Reached XP level 9. HP: 44/59 MP: 9/9
  3165 | D:6      | Noticed Edmund
  3178 | D:6      | Killed Edmund
  3178 | D:6      | Reached skill level 1 in Evocations
  3227 | D:6      | Reached skill level 9 in Unarmed Combat
  3936 | D:7      | Found Tuelyfel's Magic Scroll Shop.
  4003 | D:7      | Found a radiant altar of Vehumet.
  4003 | D:7      | Found a shadowy altar of Dithmenos.
  4051 | D:7      | Found Kucheror's General Store.
  4071 | D:7      | Found Peucvoos's Antique Armour Boutique.
  4088 | D:7      | Found a staircase to the Ecumenical Temple.
  4173 | Temple   | Entered the Ecumenical Temple
  4181 | Temple   | Became a worshipper of Gozag Ym Sagoz the Greedy
  4214 | D:7      | Found Xuk Yvvye's Book Emporium.
  5130 | D:2      | Found an iron altar of Okawaru.
  5316 | D:2      | Noticed an angel
  5317 | D:2      | Found a glowing silver altar of Zin.
  6182 | D:7      | Bought the +1 pair of boots of Ashenzari's Favour {MR+ Slay+2} for 396 gold pieces
  6316 | D:8      | Noticed Grum
  6331 | D:8      | Reached skill level 1 in Dodging
  6336 | D:8      | Killed Grum
  6432 | D:8      | Found a staircase to the Lair.
  6490 | D:8      | Reached skill level 10 in Unarmed Combat
  6677 | D:8      | Reached skill level 11 in Unarmed Combat
  6677 | D:8      | Reached XP level 10. HP: 64/64 MP: 11/11
  6731 | D:8      | Noticed a two-headed ogre
  7316 | D:8      | HP: 3/64 [two-headed ogre/giant club (1)]
  7318 | D:8      | Killed a two-headed ogre
  7793 | D:8      | Learned a level 2 spell: Song of Slaying
  7796 | D:8      | Learned a level 2 spell: Shroud of Golubria
  7800 | D:8      | Learned a level 3 spell: Spectral Weapon
  7860 | D:9      | Reached skill level 12 in Unarmed Combat
  7971 | D:9      | Found a shadowy altar of Dithmenos.
  8054 | D:9      | Reached skill level 1 in Spellcasting
  8075 | D:9      | Reached skill level 1 in Charms
  8214 | D:9      | Found a staircase to the Orcish Mines.
  8489 | D:10     | Entered Level 10 of the Dungeon
  8521 | D:10     | Noticed a two-headed ogre
  8528 | D:10     | Killed a two-headed ogre
  8528 | D:10     | Reached skill level 1 in Translocations
  8539 | D:10     | Noticed a two-headed ogre
  8543 | D:10     | Killed a two-headed ogre
  8707 | D:10     | Reached XP level 11. HP: 65/68 MP: 15/17
  8781 | D:10     | Found Lumah's Gadget Boutique.
  8802 | D:10     | Reached skill level 5 in Spellcasting
  8893 | D:10     | Noticed a manticore
  8902 | D:10     | Killed a manticore
  8940 | D:10     | Got a blackened hunting sling
  8977 | D:10     | Noticed Snorg
  9002 | D:10     | Identified the +4 hunting sling "Ylylol" {freeze, *Contam rC++} (You found it on level 10 of the Dungeon)
  9066 | D:9      | Gained mutation: You are agile. (Dex +2) [mutagenic glow]
  9267 | D:10     | Noticed a two-headed ogre
  9275 | D:10     | Killed a two-headed ogre
  9438 | Lair:1   | Entered Level 1 of the Lair of Beasts
  9628 | Lair:1   | Noticed a seven-headed hydra
  9636 | Lair:1   | Killed a seven-headed hydra
 10348 | Lair:2   | Learned a level 3 spell: Regeneration
 10857 | Lair:2   | Reached skill level 13 in Unarmed Combat
 10880 | Lair:2   | Found a staircase to the Swamp.
 10885 | Lair:2   | Found a staircase to the Snake Pit.
 11537 | Lair:2   | Reached XP level 12. HP: 35/73 MP: 15/24
 11849 | Lair:3   | Noticed Harold
 12810 | Lair:3   | Noticed Harold
 12810 | Lair:3   | Harold changed into Harold the torpor snail
 12811 | Lair:3   | Noticed Harold
 12811 | Lair:3   | Harold the torpor snail changed into Harold the water nymph
 12836 | Lair:3   | Killed Harold the water nymph
 13060 | Lair:4   | Reached skill level 14 in Unarmed Combat
 13242 | Lair:4   | Reached skill level 10 in Fighting
 13909 | Lair:4   | Reached XP level 13. HP: 42/84 MP: 12/25
 14486 | Lair:4   | Reached skill level 15 in Unarmed Combat
 15368 | Lair:5   | Found a staircase to the Slime Pits.
 15708 | Lair:6   | Entered Level 6 of the Lair of Beasts
 16320 | Lair:6   | Reached skill level 16 in Unarmed Combat
 16371 | Lair:6   | Reached skill level 5 in Charms
 16410 | Lair:6   | Gained mutation: Your large and strong wings let you fly indefinitely. [Gargoyle growth]
 16410 | Lair:6   | Reached XP level 14. HP: 83/94 MP: 22/26
 16566 | Lair:6   | Reached skill level 1 in Necromancy
 17182 | Lair:2   | Bought the -2 hat of the Alchemist {rElec rPois rF+ rC+ rN+ MR+ rMut rCorr} for 566 gold pieces
 17182 | Lair:2   | Found the -2 hat of the Alchemist {rElec rPois rF+ rC+ rN+ MR+ rMut rCorr}
 17211 | Lair:2   | Learned a level 5 spell: Silence
 17273 | D:10     | Killed Snorg
 17316 | Orc:1    | Entered Level 1 of the Orcish Mines
 17618 | Orc:2    | Entered Level 2 of the Orcish Mines
 17976 | Orc:1    | Found Loyroledgh's Book Shoppe.
 18753 | Orc:2    | Found a staircase to the Elven Halls.
 19035 | Orc:2    | Noticed an orc warlord
 19055 | Orc:2    | Killed an orc warlord
 19773 | Orc:2    | Reached skill level 5 in Armour
 20074 | Orc:2    | Found Vanagua's Antique Armour Boutique.
 20075 | Orc:2    | Found Roimit's Antique Weapon Shop.
 20076 | Orc:2    | Found Juaphac's General Store.
 20076 | Orc:2    | Found Jaomoegi's Book Boutique.
 20358 | D:11     | Noticed Erolcha
 20368 | D:11     | Killed Erolcha
 20841 | D:11     | Noticed Urug
 20842 | D:11     | Noticed Urug
 20842 | D:11     | Urug changed into Urug the fire crab
 20843 | D:11     | Noticed Urug
 20843 | D:11     | Urug the fire crab changed into Urug the jumping spider
 20890 | D:11     | Killed Urug the jumping spider
 21500 | D:12     | Reached XP level 15. HP: 76/100 MP: 18/27
 21802 | D:12     | Reached skill level 5 in Shields
 21802 | D:12     | Reached skill level 17 in Unarmed Combat
 21883 | D:12     | Found an iron altar of Okawaru.
 22087 | D:12     | Found a roughly hewn altar of Beogh.
 22414 | D:13     | Noticed a ghoul
 22605 | D:13     | Noticed a ghoul
 22619 | D:13     | Killed a ghoul
 22960 | D:13     | Killed a ghoul
 22964 | D:13     | Reached skill level 18 in Unarmed Combat
 23654 | D:13     | Found a shadowy altar of Dithmenos.
 23920 | Lair:2   | Bought a pair of jewelled boots for 313 gold pieces
 23930 | Lair:2   | Identified the +1 pair of boots "Vuylesur" {rN+ Regen+ Str+2} (You bought it in a shop on level 2 of the Lair of Beasts)
 24146 | Snake:1  | Entered Level 1 of the Snake Pit
 24959 | Snake:2  | Reached XP level 16. HP: 102/107 MP: 19/28
 24978 | Snake:2  | Noticed Aizul
 25176 | Snake:2  | Killed Aizul
 25326 | Snake:2  | Noticed a nagaraja
 25336 | Snake:2  | Killed a nagaraja
 25336 | Snake:2  | Reached skill level 15 in Fighting
 25472 | Snake:2  | Noticed Donald
 25520 | Snake:2  | Killed Donald
 25776 | D:14     | Reached skill level 19 in Unarmed Combat
 26578 | D:14     | Found a gate to the Vaults.
 27088 | Elf:1    | Entered Level 1 of the Elven Halls
 27434 | Elf:1    | Found a glowing silver altar of Zin.
 27435 | Elf:1    | Found a ruined gateway.
 27435 | Elf:1    | Found a glowing golden altar of the Shining One.
 27445 | Elf:1    | Found a white marble altar of Elyvilon.
 27616 | Elf:1    | Identified a scroll of acquirement
 27669 | Desolati | Entered the Desolation of Salt
 27671 | Desolati | Got a pair of twisted gloves
 27682 | Desolati | Identified the +0 pair of gloves "Forget-Me-Not" {-Tele rF+++ Slay-6 Stlth+} (You acquired it in the Desolation of Salt)
 27745 | Desolati | Reached XP level 17. HP: 93/115 MP: 22/29
 28350 | Desolati | Reached skill level 20 in Unarmed Combat
 28390 | Desolati | Identified the Collected Works on Malediction and Transmigration
 28403 | Desolati | Identified the Reference Book on Lucky Clay
 28406 | Desolati | Got a faintly glowing diamond amulet
 28408 | Desolati | Identified the amulet "Unisk" {rC+ Regen+} (You found it in the Desolation of Salt)
 28431 | Desolati | Learned a level 2 spell: Swiftness
 28438 | Desolati | Learned a level 6 spell: Deflect Missiles
 28892 | Desolati | Identified Sif Muna's Catalogue of Earthen Fire
 28900 | Desolati | Got a translucent shortbow
 28906 | Desolati | Identified the +12 shortbow of Wunoataq {freeze, rElec rN+ Int+3 Dex+3} (You found it in the Desolation of Salt)
 29183 | Desolati | Got an ancient steel ring
 29189 | Desolati | Identified the ring "Kesuma" {rN+ Int+4} (You found it in the Desolation of Salt)
 29197 | Desolati | Got a warped tin ring
 29200 | Desolati | Identified the ring of Entrepreneurial Spirit {Wiz rElec Str+6 Dex-5} (You found it in the Desolation of Salt)
 29606 | Elf:1    | Noticed a deep elf blademaster
 29619 | Elf:1    | Killed a deep elf blademaster
 29686 | Elf:1    | Reached skill level 21 in Unarmed Combat
 31472 | Snake:3  | Noticed Vashnia
 31525 | Snake:3  | Reached XP level 18. HP: 99/121 MP: 16/30
 31585 | Snake:3  | Killed Vashnia
 31585 | Snake:3  | Reached skill level 10 in Armour
 31702 | Snake:3  | Found Ahiucics's Jewellery Boutique.
 32084 | Snake:3  | Noticed nuthulu's ghost (adept GrFi)
 32180 | Snake:3  | Killed nuthulu's ghost
 32232 | Snake:3  | Found a flickering gateway to a bazaar.
 32269 | Snake:3  | Got a slimy brass ring
 32300 | Bazaar   | Entered a bazaar
 32300 | Bazaar   | Found Xykadeq's Antique Armour Emporium.
 32300 | Bazaar   | Found Taxoqut's Gadget Shoppe.
 32300 | Bazaar   | Found Waotteik's Distillery.
 32302 | Bazaar   | Found Wearuav's Assorted Antiques.
 32319 | Bazaar   | Bought a potion of heal wounds for 80 gold pieces
 32322 | Bazaar   | Bought a potion of heal wounds for 95 gold pieces
 32329 | Snake:3  | Identified the ring of Truth {Wiz rF++ Str-4 SInv} (You found it on level 3 of the Snake Pit)
 33019 | Snake:4  | Entered Level 4 of the Snake Pit
 33183 | Snake:4  | Found Opny's Antique Weapon Emporium.
 33837 | Snake:4  | Got a serpentine rune of Zot
 34472 | Elf:2    | Found a radiant altar of Vehumet.
 34508 | Elf:2    | Found the +15 Maxwell's patent armour {-Cast -Tele rElec MR+ rCorr}
 34546 | Elf:2    | Reached skill level 22 in Unarmed Combat
 34566 | Elf:2    | Reached XP level 19. HP: 126/126 MP: 28/31
 34570 | Elf:2    | Found a runed gate.
 34570 | Elf:2    | Found a runed gate.
 34570 | Elf:2    | Found a runed gate.
 34971 | Elf:3    | Entered Level 3 of the Elven Halls
 35084 | Elf:3    | Found a flickering gateway to a bazaar.
 35377 | Bazaar   | Entered a bazaar
 35391 | Bazaar   | Found Inu Belu's Distillery.
 35402 | Bazaar   | Found Velykhlu's Gadget Shoppe.
 35422 | Bazaar   | Found Jasashri's Gadget Shoppe.
 35442 | Bazaar   | Found Jafuthou's Distillery.
 35446 | Bazaar   | Bought a potion of agility for 28 gold pieces
 35446 | Bazaar   | Bought a potion of heal wounds for 35 gold pieces
 35446 | Bazaar   | Bought a potion of heal wounds for 35 gold pieces
 35446 | Bazaar   | Bought a potion of berserk rage for 35 gold pieces
 35448 | Bazaar   | Bought a potion of berserk rage for 35 gold pieces
 35476 | Bazaar   | Bought a potion of haste for 100 gold pieces
 35476 | Bazaar   | Bought a potion of haste for 100 gold pieces
 35634 | Elf:3    | Noticed Saint Roka
 35673 | Elf:3    | Killed Saint Roka
 36161 | Elf:3    | Noticed a Tzitzimitl
 36174 | Elf:3    | Reached skill level 23 in Unarmed Combat
 36258 | Elf:3    | Got a fine golden ring
 36264 | Elf:3    | Identified the ring "Kivvy" {rElec MR+ AC+4 Dex-2} (You took it off a deep elf elementalist on level 3 of the Elven Halls)
 36564 | Elf:3    | Got a smoking pewter ring
 36591 | Elf:3    | Identified the ring "Jenofrup" {rF+ AC+3 Dex+5 SInv} (You took it off a deep elf death mage on level 3 of the Elven Halls)
 36642 | Elf:3    | Identified the Disquisition on the Glacier and Malediction
 36678 | Elf:3    | Got a fine buckler
 36684 | Elf:3    | Identified the cursed -6 buckler "Otewut" {-Cast Regen+ rCorr Stlth+} (You found it on level 3 of the Elven Halls)
 36699 | Elf:3    | Identified Sif Muna's Catalogue of Igneous Envenoming
 36736 | Elf:3    | Learned a level 3 spell: Portal Projectile
 37308 | Swamp:1  | Entered Level 1 of the Swamp
 38457 | Swamp:2  | Reached XP level 20. HP: 125/132 MP: 29/32
 39605 | Swamp:3  | Learned a level 3 spell: Inner Flame
 39617 | Swamp:4  | Entered Level 4 of the Swamp
 39782 | Swamp:4  | Noticed Nikola
 39794 | Swamp:4  | Killed Nikola
 40040 | Swamp:4  | Noticed the 27-headed Lernaean hydra
 40057 | Swamp:4  | Killed the 27-headed Lernaean hydra
 40057 | Swamp:4  | Reached skill level 15 in Armour
 40610 | Swamp:4  | Got a decaying rune of Zot
 40819 | Lair:2   | Learned a level 5 spell: Blade Hands
 40950 | D:15     | Entered Level 15 of the Dungeon
 41038 | D:15     | Reached skill level 1 in Transmutations
 41074 | D:15     | Found a staircase to the Depths.
 41201 | D:15     | Noticed Rupert
 41202 | D:15     | Noticed Azrael
 41220 | D:15     | Killed Azrael
 41228 | D:15     | Killed Rupert
 41822 | Vaults:1 | Entered Level 1 of the Vaults
 42033 | Vaults:1 | Reached skill level 24 in Unarmed Combat
 42261 | Vaults:1 | Reached XP level 21. HP: 133/140 MP: 26/33
 42714 | Vaults:1 | Found an iron altar of Okawaru.
 43122 | Vaults:2 | Noticed Margery
 43157 | Vaults:2 | Killed Margery
 43434 | Vaults:2 | Noticed Sojobo
 43478 | Vaults:2 | Killed Sojobo
 43615 | Vaults:2 | Noticed Frederick
 43638 | Vaults:2 | Killed Frederick
 44276 | Vaults:2 | Found a staircase to the Crypt.
 44387 | Crypt:1  | Entered Level 1 of the Crypt
 44426 | Crypt:1  | Noticed Jorgrun
 44440 | Crypt:1  | Killed Jorgrun
 44980 | Crypt:1  | Reached XP level 22. HP: 102/149 MP: 27/34
 45618 | Crypt:2  | Reached skill level 25 in Unarmed Combat
 46437 | Crypt:3  | Entered Level 3 of the Crypt
 47041 | Crypt:3  | Found a staircase to the Tomb.
 47042 | Crypt:3  | Found the +8 demon blade "Leech" {vamp, rN+ AC-3 EV-3}
 47240 | Crypt:3  | Noticed an ancient lich
 47255 | Crypt:3  | Killed an ancient lich
 47285 | Crypt:3  | Found a basalt altar of Yredelemnul.
 47337 | Crypt:3  | Identified Sif Muna's Collected Works on Enthralling Moulding
 47339 | Crypt:3  | Identified the Catalogue of the Compass and Weightlessness
 47394 | Crypt:3  | Reached skill level 26 in Unarmed Combat
 47800 | Crypt:3  | Reached XP level 23. HP: 137/155 MP: 30/35
 48245 | Depths:1 | Entered Level 1 of the Depths
 48785 | Depths:1 | Found a gateway to Hell.
 48833 | Hell     | Entered the Vestibule of Hell
 48833 | Hell     | Noticed Geryon
 48911 | Hell     | Killed Geryon
 49029 | Depths:1 | Found a one-way gate to the infinite horrors of the Abyss.
 49883 | Hell     | Found a gateway to the ashen valley of Gehenna.
 50002 | Hell     | Found a gateway to the decaying netherworld of Tartarus.
 50090 | Hell     | Found a gateway to the Iron City of Dis.
 50171 | Hell     | Found a gateway to the freezing wastes of Cocytus.
 50285 | Hell     | Bought a pair of steaming gloves for 266 gold pieces
 50295 | Hell     | Identified the +1 pair of gloves of the Empire {rElec rF- rN++ SInv} (You bought it in a shop in the Vestibule of Hell)
 50572 | Vaults:3 | Reached skill level 27 in Unarmed Combat
 50605 | Vaults:3 | Reached skill level 5 in Dodging
 50911 | Vaults:3 | Reached XP level 24. HP: 132/162 MP: 34/36
 51004 | Vaults:3 | Noticed Xtahua
 51022 | Vaults:3 | Killed Xtahua
 51022 | Vaults:3 | Reached skill level 1 in Air Magic
 51756 | Vaults:3 | Found a gateway to a bazaar.
 52305 | Vaults:4 | Found Gipeph's Armour Shoppe.
 52316 | Vaults:4 | Found Suariu Rice's Armour Emporium.
 52372 | Vaults:4 | Reached skill level 10 in Spellcasting
 52656 | Vaults:4 | Found Cetsoff's Jewellery Shoppe.
 52747 | Vaults:4 | Found Paukiar's Distillery.
 53309 | Vaults:4 | Reached XP level 25. HP: 122/168 MP: 27/37
 53309 | Vaults:4 | Found a radiant altar of Vehumet.
 53366 | Vaults:4 | Reached skill level 5 in Air Magic
 53684 | Bazaar   | Entered a bazaar
 53701 | Bazaar   | Found Doiwn's Food Emporium.
 53716 | Bazaar   | Found Ofeel Refa's Magic Scroll Shoppe.
 53716 | Bazaar   | Found Opeonugu's Antique Armour Emporium.
 53737 | Bazaar   | Found Joselud's Jewellery Shoppe.
 53737 | Bazaar   | Found Adwin's Armour Emporium.
 53791 | Bazaar   | Bought a scroll of acquirement for 884 gold pieces
 53847 | Bazaar   | Bought a shiny large shield for 292 gold pieces
 53987 | Vaults:5 | Entered Level 5 of the Vaults
 54451 | Vaults:4 | Reached skill level 10 in Charms
 55051 | Vaults:5 | Learned a level 3 spell: Conjure Flame
 55054 | Vaults:5 | Learned a level 2 spell: Poisonous Vapours
 55058 | Vaults:5 | Learned a level 3 spell: Mephitic Cloud
 55061 | Vaults:5 | Got a brightly glowing amber ring
 55091 | Vaults:5 | Identified the ring "Qyppoc" {Wiz rF+} (You took it off a yaktaur captain on level 5 of the Vaults)
 55106 | Vaults:5 | Got a heavily runed chain mail
 55117 | Vaults:5 | Identified the +4 chain mail of the Ladybird {rElec rPois Str+4} (You found it on level 5 of the Vaults)
 55175 | Vaults:5 | Reached skill level 10 in Dodging
 55317 | Vaults:5 | Learned a level 2 spell: Blink
 55428 | Vaults:5 | Reached XP level 26. HP: 140/173 MP: 36/38
 56020 | Vaults:5 | Identified the Catalogue of Earth and Evil Magic
 56361 | Vaults:5 | Got a silver rune of Zot
 56586 | Vaults:5 | Got an ichor-stained scale mail
 56597 | Vaults:5 | Identified the cursed +1 scale mail "Plog" {*Slow rCorr Int+6 Dex+3} (You found it on level 5 of the Vaults)
 57470 | Depths:2 | Noticed Asterion
 57501 | Depths:1 | Killed Asterion
 58513 | Depths:2 | Noticed the Enchantress
 58542 | Depths:2 | Killed the Enchantress
 58728 | Depths:2 | Got faerie dragon scales
 58742 | Depths:2 | Identified the +4 faerie dragon scales {rElec MR+ rCorr MP-9 Dex+3} (You took it off the Enchantress on level 2 of the Depths)
 58934 | Depths:2 | Found a one-way gate leading to the halls of Pandemonium.
 59091 | Depths:3 | Paralysed by a floating eye for 4 turns
 59099 | Depths:3 | Paralysed by a floating eye for 4 turns
 59104 | Depths:3 | Paralysed by a floating eye for 2 turns
 59110 | Depths:3 | Paralysed by a floating eye for 2 turns
 59257 | Depths:3 | Found the +2 Maxwell's thermic engine {flame, freeze, rF- rC-}
 59266 | Depths:3 | Identified Jaikidec's Guide on the Shifting Compass
 59313 | Depths:3 | Reached XP level 27. HP: 182/182 MP: 31/40
 59379 | Depths:3 | Found an ancient bone altar of Kikubaaqudgha.
 59769 | Depths:3 | Found the +8 Wrath of Trog {antimagic, *Rage}
 60054 | Depths:3 | Gained mutation: Your magical capacity is low. (-10% MP) [a cacodemon]
 60131 | Depths:3 | Found a portal to a secret trove of treasure.
 60513 | Depths:4 | Found a corrupted altar of Lugonu.
 61174 | Depths:4 | Reached skill level 15 in Spellcasting
 61364 | Depths:4 | Found a radiant altar of Vehumet.
 61364 | Depths:4 | Noticed Boris
 61378 | Depths:4 | Killed Boris
 61788 | Hell     | Bought a pair of translucent gloves for 370 gold pieces
 61788 | Hell     | Bought a pair of scorched boots for 370 gold pieces
 61798 | Hell     | Identified the cursed -6 pair of gloves of the Morning {rN+ Str+2} (You bought it in a shop in the Vestibule of Hell)
 61808 | Hell     | Identified the +1 pair of boots "Dudipn" {MR+ Dex+3 SInv} (You bought it in a shop in the Vestibule of Hell)
 61853 | Depths:5 | Entered Level 5 of the Depths
 61946 | Depths:5 | Found a gateway to a ziggurat.
 62260 | Depths:5 | Found a gate to the Realm of Zot.
 63000 | Slime:1  | Entered Level 1 of the Pits of Slime
 63042 | Slime:2  | Reached skill level 5 in Transmutations
 63222 | Slime:5  | Entered Level 5 of the Pits of Slime
 63371 | Slime:5  | Noticed the Royal Jelly
 63445 | Slime:4  | Reached skill level 1 in Conjurations
 63445 | Slime:4  | Reached skill level 1 in Fire Magic
 63445 | Slime:4  | Reached skill level 1 in Poison Magic
 63899 | Slime:5  | Found a viscous altar of Jiyva.
 63915 | Slime:5  | Found the +7 Kryia's mail coat {PotionHeal*2 rC+}
 64491 | Slime:5  | Killed the Royal Jelly
 64516 | Slime:5  | Identified Paqad's Volume of the Death Scarab
 64582 | Slime:5  | Got a slimy rune of Zot
 64612 | Slime:5  | Identified the Handbook of Enhancements
 65612 | Tomb:1   | Entered Level 1 of the Tomb of the Ancients
 65999 | Tomb:1   | Reached skill level 5 in Hexes
 66013 | Tomb:1   | Noticed a greater mummy
 66028 | Tomb:1   | Killed a greater mummy
 66116 | Tomb:1   | Noticed a greater mummy
 66154 | Tomb:1   | Killed a greater mummy
 66572 | Tomb:2   | Noticed a greater mummy
 66580 | Tomb:2   | Noticed a greater mummy
 66605 | Tomb:2   | Noticed a greater mummy
 66619 | Tomb:2   | Noticed a greater mummy
 66781 | Tomb:2   | Noticed Jory
 66799 | Tomb:2   | Killed Jory
 66876 | Tomb:2   | Killed a greater mummy
 66930 | Tomb:1   | Killed a greater mummy
 67074 | Tomb:2   | Killed a greater mummy
 67146 | Tomb:2   | Killed a greater mummy
 67645 | Tomb:1   | Noticed a greater mummy
 67659 | Tomb:1   | Killed a greater mummy
 67724 | Tomb:1   | Noticed a greater mummy
 67734 | Tomb:1   | Killed a greater mummy
 67744 | Tomb:1   | Noticed a greater mummy
 67761 | Tomb:1   | Killed a greater mummy
 67761 | Tomb:1   | Reached skill level 5 in Necromancy
 67882 | Tomb:1   | Noticed a greater mummy
 67914 | Tomb:1   | Killed a greater mummy
 67936 | Tomb:1   | Noticed a greater mummy
 67965 | Tomb:1   | Killed a greater mummy
 68144 | Tomb:1   | Noticed a greater mummy
 68145 | Tomb:1   | Noticed a greater mummy
 68145 | Tomb:1   | Noticed a greater mummy
 68157 | Tomb:1   | Killed a greater mummy
 68167 | Tomb:1   | Killed a greater mummy
 68182 | Tomb:1   | Noticed a greater mummy
 68183 | Tomb:1   | Killed a greater mummy
 68196 | Tomb:1   | Noticed a greater mummy
 68198 | Tomb:1   | Killed a greater mummy
 68205 | Tomb:1   | Noticed a greater mummy
 68220 | Tomb:1   | Killed a greater mummy
 68228 | Tomb:1   | Killed a greater mummy
 68422 | Tomb:1   | Noticed a greater mummy
 68435 | Tomb:1   | Killed a greater mummy
 68735 | Tomb:3   | Entered Level 3 of the Tomb of the Ancients
 68811 | Tomb:3   | Noticed a greater mummy
 68838 | Tomb:3   | Killed a greater mummy
 68859 | Tomb:3   | Noticed a greater mummy
 68901 | Tomb:3   | Noticed a greater mummy
 68923 | Tomb:2   | Killed a greater mummy
 69090 | Tomb:3   | Noticed a greater mummy
 69094 | Tomb:3   | Noticed a greater mummy
 69117 | Tomb:3   | Killed a greater mummy
 69460 | Tomb:3   | Noticed an ancient lich
 69466 | Tomb:3   | Noticed a greater mummy
 69495 | Tomb:3   | Killed an ancient lich
 69527 | Tomb:2   | Killed a greater mummy
 69659 | Tomb:3   | Noticed an ancient lich
 69660 | Tomb:3   | Noticed a greater mummy
 69682 | Tomb:3   | Killed an ancient lich
 69705 | Tomb:2   | Killed a greater mummy
 70068 | Tomb:3   | Killed a greater mummy
 70254 | Tomb:3   | Killed a greater mummy
 70571 | Tomb:3   | Got a golden rune of Zot
 70720 | Tomb:3   | Got a glittering granite ring
 70734 | Tomb:3   | Identified the ring of Peace {*Slow rC+ rN+ Int+4} (You found it on level 3 of the Tomb of the Ancients)
 70742 | Tomb:3   | Identified the +1 helmet of Igrireug {rC+ Dex+4} (You found it on level 3 of the Tomb of the Ancients)
 71309 | Hell     | Bought a faintly humming crystal plate armour for 3655 gold pieces
 71319 | Hell     | Identified the +2 crystal plate armour of the Swamp {+Inv Str+4 Dex+5} (You bought it in a shop in the Vestibule of Hell)
 71401 | Zot:1    | Entered Level 1 of the Realm of Zot
 72395 | Zot:1    | Reached skill level 10 in Transmutations
 72459 | Zot:1    | Found a glowing golden altar of the Shining One.
 72487 | Zot:1    | Identified the Papyrus of Fire and Brimstone
 72500 | Zot:1    | Identified Feceock's Incunabulum of the Zealot
 72506 | Zot:1    | Learned a level 3 spell: Ignite Poison
 75091 | Vaults:5 | Got a clouded lead amulet
 75093 | Vaults:5 | Identified the amulet "Keurom" {Regen+ Int+3} (You took it off a yaktaur captain on level 5 of the Vaults)
 76293 | Geh:1    | Entered Level 1 of Gehenna
 77116 | Geh:5    | Reached skill level 15 in Charms
 77320 | Geh:7    | Entered Level 7 of Gehenna
 78590 | Geh:7    | Identified the Collected Works on Floating Orientation
 78745 | Geh:7    | Identified Secret Knowledge for Beginners
 78758 | Geh:7    | Noticed Asmodeus
 78792 | Geh:7    | Killed Asmodeus
 78836 | Geh:7    | Got an obsidian rune of Zot
 78967 | Hell     | Bought a transparent executioner's axe for 645 gold pieces
 78967 | Hell     | Identified the +9 executioner's axe of Zuogra {vamp, *Noise *Corrode rPois rN+++} (You bought it in a shop in the Vestibule of Hell)
 78971 | Hell     | Quit the game

Skill      XL: |  1  2  3  4  5  6  7  8  9 10 11 12 13 14 15 16 17 18 19 20 21 22 23 24 25 26 27 |
---------------+----------------------------------------------------------------------------------+-----
Unarmed Combat | 3 4 5 6 7 8 11 12 13 14 16 18 19 21 22 23 24 26 27 | 27.0
Hexes          | 2 5 |  5.6
Fighting       | 4 6 8 11 13 14 16 17 19 21 24 | 24.0
Evocations     | 2 |  2.6
Dodging        | 1 4 5 7 11 14 | 14.3
Spellcasting   | 4 8 9 10 11 13 18 | 18.7
Charms         | 3 5 7 9 10 15 | 15.3
Translocations | 2 |  2.5
Necromancy     | 2 3 4 7 |  7.8
Armour         | 6 7 9 13 14 15 16 17 18 22 | 22.0
Shields        | 5 |  5.2
Transmutations | 3 4 12 | 12.7
Air Magic      | 4 5 9 |  9.2
Conjurations   | 4 |  4.3
Fire Magic     | 3 |  3.9
Poison Magic   | 3 |  3.9

Action                   |  1- 3 |  4- 6 |  7- 9 | 10-12 | 13-15 | 16-18 | 19-21 | 22-24 | 25-27 || total
-------------------------+-------+-------+-------+-------+-------+-------+-------+-------+-------++-------
Melee: Unarmed           |    91 |    61 |   492 |   707 |  1605 |  1736 |  1918 |  2165 |  5426 || 14201
       Punch             |     1 |     2 |    13 |    42 |    74 |       |       |       |    10 ||   142
 Fire: Blowgun           |       |       |       |       |     3 |       |       |       |       ||     3
Throw: Javelin           |       |       |       |       |     1 |     1 |       |       |       ||     2
 Cast: Confusing Touch   |       |     1 |       |       |       |       |       |       |       ||     1
       Shroud of Golubri |       |       |       |    13 |    80 |    28 |     2 |     2 |     1 ||   126
       Song of Slaying   |       |       |       |     3 |    50 |    29 |    34 |    38 |    35 ||   189
       Regeneration      |       |       |       |       |       |    55 |     4 |     9 |   184 ||   252
       Blink             |       |       |       |       |       |       |       |       |    19 ||    19
       Silence           |       |       |       |       |       |       |       |       |    17 ||    17
       Deflect Missiles  |       |       |       |       |       |       |       |       |     4 ||     4
       Conjure Flame     |       |       |       |       |       |       |       |       |     3 ||     3
       Blade Hands       |       |       |       |       |       |       |       |       |     3 ||     3
       Mephitic Cloud    |       |       |       |       |       |       |       |       |     1 ||     1
Invok: Call Merchant     |       |       |       |     2 |     4 |     2 |     2 |     3 |     5 ||    18
 Abil: Fly               |       |       |       |       |     1 |       |       |       |       ||     1
       Evoke Invisibilit |       |       |       |       |       |       |       |       |     1 ||     1
Evoke: Wand              |       |    10 |    24 |    27 |    28 |    28 |     4 |       |     1 ||   122
       Lamp of fire      |       |       |       |     1 |     1 |     2 |     3 |       |     1 ||     8
       Sack of spiders   |       |       |       |       |     2 |       |       |       |       ||     2
       Box of beasts     |       |       |       |       |       |     3 |       |       |       ||     3
       Phial of floods   |       |       |       |       |       |       |     1 |       |       ||     1
  Use: Scroll            |       |       |       |    13 |    13 |    11 |     7 |     2 |    28 ||    74
       Potion            |       |       |       |       |     1 |     3 |       |       |     3 ||     7
 Stab: Confused          |       |     1 |       |       |       |       |       |       |       ||     1
       Paralysed         |       |       |     8 |       |     2 |       |       |       |       ||    10
       Distracted        |       |       |     1 |     6 |     5 |    11 |     8 |    14 |    57 ||   102
       Invisible         |       |       |       |       |       |       |       |       |     3 ||     3
       Sleeping          |       |       |       |       |       |       |       |       |     1 ||     1
  Eat: Chunk             |       |       |    10 |       |       |       |       |       |       ||    10
       Ration            |       |       |     4 |     7 |    12 |    11 |    10 |     8 |    32 ||    84
Armor: Scale mail        |    51 |    30 |   293 |   353 |   814 |   436 |       |       |       ||  1977
       Skin              |       |       |       |    16 |       |       |       |       |       ||    16
       Chain mail        |       |       |       |       |       |   358 |    36 |       |       ||   394
       Plate armour      |       |       |       |       |       |       |  1127 |  1438 |   939 ||  3504
       Acid dragon scale |       |       |       |       |       |       |       |       |   925 ||   925
       Crystal plate arm |       |       |       |       |       |       |       |       |   962 ||   962
Dodge: Dodged            |    40 |    29 |   236 |   314 |   653 |   532 |   484 |   676 |  3186 ||  6150
       Deflected         |       |       |       |       |       |       |       |       |    33 ||    33
Block: Buckler           |       |       |       |       |   110 |   246 |   272 |   361 |  1485 ||  2474
       Reflection        |       |       |       |       |       |       |       |       |     6 ||     6
